 Dungeon Crawl Stone Soup version 0.22.1-1-ga44c0e5 (webtiles) character file.

71 Folque the Vandal (level 4, -2/31 HPs)
             Began as a Halfling Hunter on Sept 26, 2018.
             Slain by a hobgoblin
             ... wielding a +0 club
              (5 damage)
             ... on level 3 of the Dungeon.
             The game lasted 00:06:32 (2404 turns).

Folque the Vandal (Halfling Hunter)                 Turns: 2404, Time: 00:06:33

Health: -2/31      AC:  3    Str: 13    XL:     4   Next: 47%
Magic:  4/4        EV: 14    Int:  9    God:
Gold:   120        SH:  0    Dex: 15    Spells: 3/3 levels left

rFire    . . .     SeeInvis .   e - +0 short sword
rCold    . . .     Gourm    .   (shield restricted)
rNeg     . . .     Faith    .   c - +0 leather armour
rPois    .         Spirit   .   (no helmet)
rElec    .         Reflect  .   (no cloak)
rCorr    .         Harm     .   (no gloves)
MR       .....                  (no boots)
Stlth    ++........             (no amulet)
HPRegen  0.10/turn              (no ring)
MPRegen  0.09/turn              (no ring)

@: no status effects
A: small, mutation resistance 1
a: no special abilities


You were on level 3 of the Dungeon.
You were hungry.

You visited 1 branch of the dungeon, and saw 3 of its levels.

You collected 120 gold pieces.

Inventory:

Hand Weapons
 e - a +0 short sword (weapon)
 w - a +1 hunting sling
Missiles
 a - 47 stones (quivered)
 q - 15 sling bullets
Armour
 c - a +0 leather armour (worn)
Scrolls
 d - a scroll of random uselessness {unknown}
 h - a scroll of amnesia {unknown}
 i - a scroll of identify {unknown}
 j - a scroll of teleportation {unknown}
 l - a scroll of fog {unknown}
Comestibles
 f - 2 rations


   Skills:
 - Level 3.0 Fighting
 * Level 6.9 Slings
 + Level 1.0 Armour
 - Level 2.1 Dodging
 - Level 1.1 Stealth


You had 3 spell levels left.
You didn't know any spells.
Your spell library was empty.

Dungeon Overview and Level Annotations

Branches:
Dungeon (3/15)

Altars:
Fedhas
Gozag


Innate Abilities, Weirdness & Mutations

You are small and have problems with some larger weapons.
You are somewhat resistant to further mutation.


Message History

The dart slug is severely wounded.
The hobgoblin barely misses you.
The dart slug bites you but does no damage.
You hit the dart slug but do no damage.
The dart slug is severely wounded.
The hobgoblin closely misses you. The dart slug completely misses you.
You hit the dart slug but do no damage.
The dart slug is severely wounded.
The hobgoblin misses you.
The dart slug bites you but does no damage.
You hit the dart slug.
The dart slug is almost dead.
The hobgoblin completely misses you.
You hit the dart slug.
You kill the dart slug!
The hobgoblin hits you but does no damage.
You hit the hobgoblin.
The hobgoblin is lightly wounded.
The hobgoblin hits you with a club.
You die...

..........#
#.........#.
#....(......
#.........#
#.........#
#.........#
#...†.....#
#...@.....####
##...g.#.....# #####
#.###.#.###.####....
#.......# #.#.....!.
###.#.### #.#.##....
#...# #...##....
#.### ######.... ...
......... g..
#####....


You could see a hobgoblin.

Vanquished Creatures
  2 adders (D:2)
  2 dart slugs (D:3)
  An orc (D:3)
  2 ball pythons
  6 bats
  A giant cockroach (D:2)
  6 goblins
  9 hobgoblins
  2 jackals (D:2)
  A quokka (D:3)
  6 kobolds
  6 rats
44 creatures vanquished.

Notes
Turn   | Place    | Note
-------+----------+-------------------------------------------
     0 | D:1      | Folque the Halfling Hunter began the quest for the Orb.
     0 | D:1      | Reached XP level 1. HP: 14/14 MP: 1/1
   373 | D:1      | Reached skill level 6 in Slings
   639 | D:1      | Reached XP level 2. HP: 19/19 MP: 2/2
  1117 | D:1      | Reached XP level 3. HP: 20/25 MP: 3/3
  1566 | D:2      | Found an opulent altar of Gozag.
  1567 | D:2      | Found a blossoming altar of Fedhas.
  1619 | D:2      | Reached XP level 4. HP: 30/31 MP: 4/4
  2393 | D:3      | Reached skill level 1 in Armour
  2404 | D:3      | Slain by a hobgoblin

Skill      XL: |  1  2  3  4 |
---------------+-------------+-----
Fighting       | 2 3 |  3.0
Slings         | 6 |  6.9
Armour         | 1 |  1.0
Dodging        | |  2.1
Stealth        | |  1.1

Action                   |  1- 3 |  4- 6 || total
-------------------------+-------+-------++-------
Melee: Short sword       |   126 |    35 ||   161
 Fire: Hunting sling     |     9 |     5 ||    14
  Use: Scroll            |       |     2 ||     2
       Potion            |       |     1 ||     1
 Stab: Sleeping          |     1 |       ||     1
  Eat: Chunk             |     2 |     2 ||     4
Armor: Leather armour    |    35 |     9 ||    44
Dodge: Dodged            |    75 |    31 ||   106
